AoeStats
← RedPhosphoru

Arabia

509763529Analyzed
1v1 RM · 4d ago on Sep 27, 2026· 27m 7s· 2 players
Game mode
Random Map
Map size
Tiny (2 player)
Population
200
Speed
Normal
Resources
Standard
Victory
Conquest
Starting age
Dark Age
Ending age
Imperial Age
RankedLock teamsTeams togetherTeam positionsShared explorationLock speedFull tech treeHidden civsTurbo modeCheats
Victory
Defeat
🇺🇸 Saxons · United States
2296
+4
🇧🇪 Mongols · Belgium
1966
-4
Alakay
7:24 Loom
10:35 Feudal Age
14:52 Castle Age
13:10 Double-Bit Axe
14:33 Horse Collar
15:39 Fletching
17:00 Bodkin Arrow
18:39 Gold Mining
RedPhosphoru
8:57 Feudal Age
7:22 Loom
9:57 Double-Bit Axe
12:05 Double-Bit Axe
14:42 Castle Age
13:13 Double-Bit Axe
15:34 Bow Saw
20:26 Scale Mail Armor
21:45 Chain Mail Armor
22:36 Fletching
23:44 Bodkin Arrow
24:47 Squires
26:08 Gold Mining
26:28 Arson
Connection lost

Rejoining the realm…

Still unreachable

The connection could not be restored.

Session expired

The server has moved on; the page needs a fresh start.